 Dungeon Crawl Stone Soup version 0.30.1-9-gdf580d7c3d (webtiles) character file.

Game seed: 1295658057338310942

144762 Ijustatesigmund the Frost Mage (level 17, -37/101 HPs)
             Began as a Gargoyle Earth Elementalist on Oct 10, 2023.
             Was a High Priest of Vehumet.
             Killed from afar by a frost giant (43 damage)
             ... with a bolt of cold
             ... in an ice cave on Oct 11, 2023.
             The game lasted 02:11:16 (39301 turns).

Ijustatesigmund the Frost Mage (GrEE)              Turns: 39301, Time: 02:11:16

Health: -37/101    AC: 32    Str: 15    XL:     17   Next: 40%
Magic:  14/43      EV: 10    Int: 23    God:    Vehumet [*****.]
Gold:   3380       SH: 17    Dex: 10    Spells: 2/43 levels left

rFire   + . .        u - +9 hammer "Tionwal" {venom, rCorr Int+2}
rCold   . . .        M - +2 kite shield {reflect}
rNeg    + . .        r - +2 ring mail of Gluttony {Slay+4}
rPois   ∞            E - +1 helmet
rElec   +            e - +1 cloak {Will+}
rCorr   +            i - +1 pair of gloves
SInv    .            A - +2 pair of boots {Stlth+}
Will    +++..        R - amulet of Liluotuni {Reflect Will+ SH+5 Stlth+}
Stlth   +++          L - ring of protection from fire
HPRegen 0.36/turn    D - ring of magical power
MPRegen 0.28/turn

%: reflection
@: flying, invisible
A: sickness immunity, AC +12, big wings, negative energy resistance 1,
electricity resistance, torment resistance 1, petrification resistance
a: Renounce Religion


You were in an ice cave.
You worshipped Vehumet.
Vehumet was extremely pleased with you.
You visited 5 branches of the dungeon, and saw 26 of its levels.
You also visited: Ice Cave and Volcano.

You collected 4342 gold pieces.
You spent 962 gold pieces at shops.

Inventory:

Hand Weapons
 u - the +9 hammer "Tionwal" (weapon) {venom, rCorr Int+2}
   (You found it on level 7 of the Dungeon)

   Int:       It affects your intelligence (+2).
   rCorr:     It protects you from acid and corrosion.
 J - a +4 flail of protection
Missiles
 I - 2 throwing nets
Armour
 e - a +1 cloak of willpower (worn)
 i - a +1 pair of gloves (worn)
 r - the +2 ring mail of Gluttony (worn) {Slay+4}
   (You found it on level 4 of the Dungeon)

   Slay:      It affects your accuracy & damage with ranged weapons and melee
   (+4).
 A - a +2 pair of boots of stealth (worn)
 E - a +1 helmet (worn)
 M - a +2 kite shield of reflection (worn)
 X - +0 fire dragon scales
Magical Staves
 w - a staff of conjuration
Jewellery
 q - a ring of protection from fire
 v - a ring of resist corrosion
 z - a ring of see invisible
 D - a ring of magical power (right hand)
 L - a ring of protection from fire (left hand)
 R - the amulet of Liluotuni (around neck) {Reflect Will+ SH+5 Stlth+}
   (You acquired it in a volcano)

   [amulet of reflection]

   It reflects blocked missile attacks.
   SH:        It affects your SH (+5).
   Will:      It increases your willpower.
   Stlth:     It makes you more stealthy.
 W - a ring of ice
Wands
 d - a wand of flame (28)
 j - a wand of polymorph (17)
 o - a wand of quicksilver (5)
 t - a wand of charming (8)
 K - a wand of digging (5)
 N - a wand of iceblast (3)
Scrolls
 f - 9 scrolls of identify
 k - 5 scrolls of immolation
 l - 4 scrolls of vulnerability
 p - a scroll of torment
 C - 6 scrolls of magic mapping
 G - 2 scrolls of enchant weapon
 H - 8 scrolls of poison
 O - 2 scrolls of enchant armour
 P - a scroll of brand weapon
 S - a scroll of blinking
Potions
 b - 3 potions of magic
 c - 7 potions of ambrosia
 g - 3 potions of might
 h - 4 potions of haste
 n - 2 potions of lignification
 s - 7 potions of curing
 x - a potion of brilliance
 B - 5 potions of attraction
 F - 3 potions of resistance
 T - 5 potions of mutation
 V - 2 potions of invisibility
 Y - 2 potions of heal wounds
 Z - a potion of cancellation
Miscellaneous
 Q - a piece from Xom's chessboard (15/15)
 U - a phantom mirror (inert)


   Skills:
 - Level 9.8 Fighting
 - Level 6.3 Maces & Flails
 - Level 8.1 Armour
 - Level 3.7 Dodging
 - Level 2.1 Stealth
 - Level 8.5 Shields
 + Level 13.6 Spellcasting
 + Level 11.8 Conjurations
 - Level 6.0 Translocations
 - Level 2.8 Transmutations
 + Level 6.6 Fire Magic
 - Level 14.2 Ice Magic
 - Level 5.4 Air Magic
 + Level 13.6 Earth Magic
 - Level 2.7 Poison Magic
 - Level 5.9 Evocations


You had 2 spell levels left.
You knew the following spells:

 Your Spells              Type           Power      Damage    Failure   Level
a - Sandblast             Erth           100%       2d20      1%          1
b - Stone Arrow           Conj/Erth      100%       3d13      1%          3
c - Passwall              Tmut/Erth      43%        N/A       1%          2
d - Mephitic Cloud        Conj/Pois/Air  46%        N/A       1%          3
e - Iskenderun's Mystic   Conj/Tloc      54%        2d12      1%          4
f - Blink                 Tloc           86%        N/A       1%          2
g - Fireball              Conj/Fire      27%        3d12      2%          5
h - Ozocubu's Refrigerat  Ice            34%        4d15      11%         7
i - Starburst             Conj/Fire      27%        6d9       16%         6
j - Freezing Cloud        Conj/Ice/Air   29%        6-21      1%          5
k - Swiftness             Air            40%        N/A       5%          3

Your spell library contained the following spells:

 Spells                   Type           Power      Damage    Failure   Level
 Lesser Beckoning         Tloc           86%        N/A       1%          2
 Momentum Strike          Conj/Tloc      100%       3d10      1%          2
 Poisonous Vapours        Pois/Air       68%        N/A       1%          2
 Scorch                   Fire           92%        2d9       1%          2
 Beastly Appendage        Tmut           56%        N/A       5%          1
 Sting                    Tmut/Pois      100%       1d8       5%          1
 Wereblood                Tmut           28%        N/A       8%          2
 Necrotise                Necr           60%        1d7       17%         1
 Slow                     Hex            60%        N/A       17%         1
 Ozocubu's Armour         Ice            69%        N/A       1%          3
 Sticky Flame             Conj/Fire      55%        2d7       1%          4
 Iskenderun's Battlesphe  Conj           63%        2d11      1%          5
 Lee's Rapid Deconstruct  Erth           33%        3d17*     1%          5
 Ignite Poison            Fire/Tmut/Pois 34%        N/A       2%          3
 Petrify                  Tmut/Erth      52%        N/A       5%          4
 Leda's Liquefaction      Hex/Erth       23%        N/A       10%         4
 Olgreb's Toxic Radiance  Pois           28%        N/A       13%         4
 Portal Projectile        Hex/Tloc       58%        N/A       14%         3
 Manifold Assault         Tloc           43%        N/A       14%         4
 Spider Form              Tmut/Pois      28%        N/A       16%         3
 Conjure Ball Lightning   Conj/Air       26%        3x3d7     19%         6
 Orb of Destruction       Conj           31%        9d10      26%         7
 Confusing Touch          Hex            15%        N/A       45%         3
 Summon Guardian Golem    Hex/Summ       15%        N/A       45%         3
 Tukima's Dance           Hex            15%        N/A       45%         3
 Vampiric Draining        Necr           15%        2d7       45%         3
 Summon Forest            Summ/Tloc      14%        N/A       78%         5
 Blade Hands              Tmut           14%        N/A       82%         5
 Eringya's Noxious Bog    Tmut/Pois      14%        N/A       86%         6
 Spellforged Servitor     Conj/Summ      21%        N/A       94%         7
 Agony                    Necr           15%        N/A       99%         5
 Summon Mana Viper        Hex/Summ       15%        N/A       99%         5
 Summon Cactus Giant      Summ           7%         N/A       100%        6
 Storm Form               Tmut/Air       17%        N/A       100%        7
 Summon Hydra             Summ           7%         N/A       100%        7
 Ignition                 Fire           23%        3d8       100%        8
 Statue Form              Tmut/Erth      Unusable   N/A       N/A         6

Dungeon Overview and Level Annotations

Branches:
Dungeon (15/15)            Temple (1/1) D:7            Lair (5/5) D:9
 Shoals (0/4) Lair:3        Snake (3/4) Lair:3        Slime (0/5) Lair:4
    Orc (2/2) D:10            Elf (0/3) Orc:2        Vaults (0/5) D:13
 Depths (0/4) D:15          IceCv (1/1)             Volcano (visited)

Altars:
Ashenzari
Cheibriados
Dithmenos
Elyvilon
Fedhas
Gozag
Hepliaklqana
Kikubaaqudgha
Makhleb
Nemelex Xobeh
Okawaru
Qazlal
Ru
Sif Muna
Trog
Uskayaw
Vehumet
Wu Jian
Xom
Yredelemnul
Zin
The Shining One

Shops:
D:6 (   D:9 [(   D:11 (   Orc:2 [:(*[   Snake:1 :(   Snake:2 :


Innate Abilities, Weirdness & Mutations

You are immune to sickness and miasma.
Your stone body is resilient. (AC +12)
You are immune to poison.
Your large and strong wings let you fly.
You resist negative energy. (rN+)
You are resistant to electric shocks. (rElec)
You are resistant to unholy torment.
You are immune to petrification.


Message History

The fireball engulfs the ironbound frostheart!
You kill the ironbound frostheart!
Vehumet accepts your kill.
The fireball engulfs the polar bear!!
You kill the polar bear!
Vehumet accepts your kill.
You feel your power returning.
The fireball engulfs the white ugly thing!
The white ugly thing is moderately wounded.
Casting: Fireball (dangerous; 2% risk of failure)
Confirm with . or Enter, or press ? or * to list all spells.
Aiming: Fireball (dangerous; 2% risk of failure)
Press: ? - help, Shift-Dir - straight line, f/p - rime drake
Aim: a rime drake (heavily wounded, wandering, unable to see you, hasn't noticed you)
The fireball explodes!
The fireball engulfs the white ugly thing!!
The white ugly thing is heavily wounded.
The fireball engulfs the rime drake!!
You kill the rime drake!
Vehumet accepts your kill. The ice encasing you melts away.
You hear an angry hiss.
You hear a deafening roar!
Casting: Fireball (dangerous; 2% risk of failure)
Confirm with . or Enter, or press ? or * to list all spells.
Aiming: Passwall (safe; 1% risk of failure)
Press: ? - help, Dir - move target An ice covered rock wall.
You block the white ugly thing's attack.
You begin to meditate on the wall.
You continue meditating on the rock.
You block the white ugly thing's attack.
The frost giant gestures at you while chanting.
The bolt of cold hits the frost giant.
The frost giant resists.
The bolt of cold hits you!!
* * * LOW HITPOINT WARNING * * *
The frost giant hits you but does no damage.
You continue meditating on the rock.
You block the white ugly thing's attack.
The frost giant casts a spell at you. The bolt of cold hits you!!!
You die...

### ###...#
########...#
#.........#
......C.Du.###
.####.C..k...## #
###.)##..k.....## #.
##:..).##..C.....#
#..
#$$$$§u@#.k.....##
#...#..§h§C##.h...###
#.....kC###§§...##
#....§§§§§§..##
###..§§§§h§.#.≈≈≈
########### ≈


You could see 2 frost giants, a white ugly thing (unable to see you), a polar
bear (wandering, unable to see you) and a rime drake (wandering, unable to see
you).

Vanquished Creatures
  Mlioglotl (Snake:1)
  Rupert (D:12)
  A sphinx (D:12)
  A nagaraja (Snake:3)
  Aizul (Snake:1)
  A stone giant (D:15)
  Nessos (D:15)
  2 dire elephants (Lair:5)
  Snorg (D:11)
  Josephine (D:11)
  A fire dragon (D:12)
  4 hydras
  2 ice dragons
  A rakshasa (D:14)
  An ironbound frostheart (IceCv)
  Fannar (Orc:1)
  A death knight (D:13)
  5 two-headed ogres
  4 anacondas
  11 boulder beetles
  A catoblepas (Lair:5)
  8 centaur warriors
  11 death yaks
  7 naga warriors
  2 shock serpents
  7 tengu warriors
  4 orc high priests (Orc:2)
  2 naga sharpshooters
  Sonja (D:11)
  Urug (Lair:2)
  A skeletal warrior (D:13)
  5 skysharks
  A deep elf archer (Volcano)
  2 naga ritualists (Snake:1)
  A phantasmal warrior (D:13)
  A harpy (shapeshifter) (D:12)
  An orc knight (D:11)
  A lindwurm (Lair:5)
  Pikel (D:8)
  3 orc sorcerers
  9 deep elf pyromancers
  2 mana vipers (Snake:1)
  25 ugly things
  7 salamanders
  10 cyclopes
  6 manticores
  8 elephants (Lair:5)
  A guardian serpent (Snake:1)
  Maurice (D:8)
  A guardian serpent (shapeshifter) (D:13)
  15 black mambas
  19 cane toads
  6 naga magi
  3 gargoyles
  A torpor snail (Lair:5)
  5 rime drakes
  2 kobold demonologists
  2 efreet
  3 unseen horrors
  Psyche (D:8)
  A tengu conjurer (D:13)
  9 komodo dragons
  7 trolls
  4 polar bears
  Grinder (D:3)
  A hornet (D:10)
  28 blink frogs
  6 dream sheep (Lair:5)
  17 slime creatures
  A snapping turtle (Lair:3)
  A vampire (D:9)
  11 wraiths
  A spriggan (Lair:1)
  A shadow (D:9)
  3 fire bats (Lair:4)
  7 wyverns
  2 basilisks
  24 yaks
  7 fire elementals (Volcano)
  A golden eye (shapeshifter) (D:14)
  Menkaure (D:7)
  4 steam dragons
  3 vampire mosquitoes
  Grum (D:8)
  20 nagas
  A warg (Orc:2)
  3 hell hounds (Volcano)
  3 acid dragons
  Duvessa (D:7)
  13 water moccasins
  3 ice beasts
  22 orc warriors
  3 black bears
  5 ogres
  24 wolves
  4 centaurs
  A lemure (D:8)
  4 phantoms
  19 kobold brigands
  A necrophage (D:6)
  17 bullfrogs
  2 gnoll sergeants
  6 scorpions
  6 wights
  Dowan (D:7)
  6 killer bees (D:8)
  2 howler monkeys
  An electric eel (Lair:3)
  7 jellies
  3 hounds (D:5)
  2 gnoll boudas
  30 orc priests
  Crazy Yiuf (D:7)
  Jessica (D:3)
  Terence (D:3)
  5 iguanas
  33 orc wizards
  A hound skeleton (D:6)
  10 gnolls
  9 adders
  A shadow imp (D:7)
  A white imp (D:6)
  2 ufetubi
  3 worms
  A dart slug (D:1)
  58 orcs
  10 ball pythons
  7 endoplasms
  3 giant cockroaches (D:2)
  10 goblins
  4 hobgoblins
  3 jackals (D:2)
  35 kobolds
  3 quokkas
  7 bats
  7 frilled lizards
  7 rats
805 creatures vanquished.

Vanquished Creatures (collateral kills)
  A tengu warrior (D:13)
  A cyclops (D:9)
  An orc priest (D:11)
  An orc (D:11)
4 creatures vanquished.

Vanquished Creatures (others)
  A manticore (D:11)
  6 orcs
7 creatures vanquished.

Grand Total: 816 creatures vanquished

Notes
Turn   | Place    | Note
-------+----------+-------------------------------------------
     0 | D:1      | Ijustatesigmund the Gargoyle Earth Elementalist began the
                  | quest for the Orb.
     0 | D:1      | Reached XP level 1. HP: 10/10 MP: 3/3
   188 | D:1      | You fall into a shaft and drop 1 floor!
   224 | D:2      | Reached XP level 2. HP: 16/16 MP: 3/5
   286 | D:2      | Reached skill level 1 in Fighting
   659 | D:1      | Reached XP level 3. HP: 20/20 MP: 4/6
   663 | D:1      | Learned a level 3 spell: Stone Arrow
  1803 | D:2      | Reached skill level 1 in Conjurations
  1936 | D:2      | Reached XP level 4. HP: 26/26 MP: 3/7
  1961 | D:3      | HP: 1/26 [gnoll/+0 flail (4)]
  2510 | D:2      | Reached XP level 5. HP: 23/30 MP: 6/9
  2844 | D:3      | Noticed Grinder
  2895 | D:4      | Noticed an ogre
  2899 | D:4      | Killed an ogre
  2900 | D:4      | Reached skill level 1 in Maces & Flails
  3185 | D:4      | Noticed a phantom
  3193 | D:4      | Killed a phantom
  3194 | D:4      | Reached skill level 5 in Earth Magic
  3194 | D:4      | Reached XP level 6. HP: 28/35 MP: 2/10
  3543 | D:4      | Found a hide-covered altar of Uskayaw.
  3543 | D:4      | Found a glowing golden altar of the Shining One.
  3551 | D:4      | Found an ancient bone altar of Kikubaaqudgha.
  3553 | D:4      | Found a faded altar of an unknown god.
  3554 | D:4      | Found a shadowy altar of Dithmenos.
  3592 | D:4      | Identified the +2 ring mail of Gluttony {Slay+4}
  3875 | D:4      | Reached XP level 7. HP: 40/40 MP: 5/12
  3999 | D:4      | Identified the +6 whip of the Hated {flame, Dex+3}
  4558 | D:4      | Found a snail-covered altar of Cheibriados.
  4697 | D:3      | Paralysed by Grinder for 3 turns
  4700 | D:3      | Killed Grinder
  4701 | D:3      | Reached skill level 1 in Armour
  4914 | D:3      | Noticed Jessica
  4915 | D:3      | Killed Jessica
  4961 | D:3      | Noticed Terence
  4966 | D:3      | Killed Terence
  5147 | D:3      | Identified the ring of Fatugeop {rPois Will+ Str+3 Int-5
                  | Stlth+}
  5550 | D:5      | Entered Level 5 of the Dungeon
  5564 | D:5      | Reached skill level 5 in Conjurations
  5601 | D:5      | Reached XP level 8. HP: 44/44 MP: 14/14
  6071 | D:5      | Reached skill level 5 in Armour
  6114 | D:5      | Reached skill level 5 in Spellcasting
  6435 | D:5      | Reached XP level 9. HP: 48/48 MP: 16/16
  6556 | D:6      | Noticed a two-headed ogre
  6561 | D:6      | Killed a two-headed ogre
  7042 | D:6      | Found a burning altar of Makhleb.
  7455 | D:6      | Found Vessoiz's Antique Weapon Shoppe.
  7494 | D:6      | Found a bloodstained altar of Trog.
  7785 | D:7      | Reached XP level 10. HP: 58/58 MP: 19/19
  8339 | D:7      | Noticed Duvessa
  8339 | D:7      | Noticed Dowan
  8345 | D:7      | Killed Duvessa
  8346 | D:7      | Reached skill level 1 in Evocations
  8353 | D:7      | Killed Dowan
  8619 | D:7      | Found a staircase to the Ecumenical Temple.
  8640 | Temple   | Entered the Ecumenical Temple
  8705 | Temple   | Became a worshipper of Vehumet
  9178 | D:7      | Noticed Menkaure
  9186 | D:7      | Killed Menkaure
  9284 | D:7      | Noticed a gargoyle
  9294 | D:7      | Killed a gargoyle
  9696 | D:7      | Found a runed translucent door.
  9697 | D:7      | Noticed Crazy Yiuf
  9703 | D:7      | Killed Crazy Yiuf
  9746 | D:7      | Identified the +9 hammer "Tionwal" {venom, rCorr Int+2}
 10214 | D:8      | Reached * piety under Vehumet
 10214 | D:8      | Offered knowledge of Magic Dart by Vehumet.
 10238 | D:8      | Noticed Pikel
 10257 | D:8      | Killed Pikel
 10627 | D:8      | Reached skill level 10 in Earth Magic
 10627 | D:8      | Reached XP level 11. HP: 54/62 MP: 21/22
 10690 | D:8      | Noticed Maurice
 10703 | D:8      | Noticed Psyche
 10711 | D:8      | Killed Psyche
 10731 | D:8      | Killed Maurice
 10939 | D:8      | Found an opulent altar of Gozag.
 10986 | D:8      | Noticed a soul eater
 11055 | D:8      | Offered knowledge of Scorch by Vehumet.
 11061 | D:8      | Reached ** piety under Vehumet
 11170 | D:8      | Noticed Grum
 11189 | D:8      | Killed Grum
 11492 | D:8      | Found a sacrificial altar of Ru.
 11888 | D:9      | Found Wisus's Armour Shop.
 11899 | D:9      | Bought a +2 pair of boots of stealth for 322 gold pieces
 11951 | D:9      | Offered knowledge of Volatile Blastmotes by Vehumet.
 11994 | D:9      | Identified a scroll of acquirement
 11995 | D:9      | Acquired 1270 gold pieces
 12066 | D:9      | Reached skill level 5 in Evocations
 12096 | D:9      | Noticed a boulder beetle
 12344 | D:9      | Found a staircase to the Lair.
 12358 | D:9      | Learned a level 2 spell: Passwall
 12469 | D:9      | Reached skill level 1 in Transmutations
 12629 | D:9      | Noticed a two-headed ogre
 12634 | D:9      | Killed a two-headed ogre
 12689 | D:10     | Entered Level 10 of the Dungeon
 12870 | D:10     | Found a staircase to the Orcish Mines.
 12952 | D:10     | Reached *** piety under Vehumet
 12957 | D:10     | Reached skill level 10 in Conjurations
 13857 | D:11     | Noticed Sonja
 13859 | D:11     | Killed Sonja
 13860 | D:11     | Reached XP level 12. HP: 67/67 MP: 24/24
 13896 | D:11     | Offered knowledge of Mephitic Cloud by Vehumet.
 13905 | D:11     | Noticed Josephine
 13910 | D:11     | Noticed a two-headed ogre
 13913 | D:11     | Killed Josephine
 13917 | D:11     | Killed a two-headed ogre
 13971 | D:11     | Learned a level 3 spell: Mephitic Cloud
 14226 | D:11     | Noticed a boulder beetle
 14236 | D:11     | Killed a boulder beetle
 14345 | D:11     | Reached skill level 1 in Poison Magic
 14405 | D:9      | Reached skill level 1 in Air Magic
 14489 | D:9      | Reached skill level 5 in Maces & Flails
 14715 | D:9      | Killed a boulder beetle
 14889 | D:9      | Found a transporter.
 14891 | D:9      | Found Kemisal's Weapon Shop.
 14893 | D:9      | Found a transporter.
 15249 | D:11     | Identified the +1 chain mail "Funty" {rPois}
 15270 | D:11     | Noticed a tengu warrior
 15282 | D:11     | Killed a tengu warrior
 15354 | D:11     | Reached **** piety under Vehumet
 15355 | D:11     | Reached skill level 1 in Shields
 15753 | D:11     | Noticed Snorg
 15760 | D:11     | Killed Snorg
 15860 | D:11     | Found Coamya's Weapon Shoppe.
 15889 | D:11     | Noticed a boulder beetle
 16102 | D:11     | Reached skill level 5 in Shields
 16110 | D:11     | Killed a boulder beetle
 16224 | D:12     | Offered knowledge of Iskenderun's Mystic Blast by Vehumet.
 16225 | D:12     | Reached XP level 13. HP: 44/72 MP: 22/26
 16263 | D:12     | Learned a level 4 spell: Iskenderun's Mystic Blast
 16514 | D:12     | Found a shimmering blue altar of Sif Muna.
 16522 | D:12     | Got Sif Muna's Atlas of the Body
 16524 | D:12     | Got Sif Muna's Verses on Transformation
 16573 | D:12     | Noticed Rupert
 16576 | D:12     | Paralysed by Rupert for 4 turns
 16738 | D:13     | a hornet changed into an entropy weaver
 16738 | D:13     | Noticed an entropy weaver (shapeshifter)
 16741 | D:13     | an entropy weaver changed into a guardian serpent
 16750 | D:13     | Reached skill level 1 in Translocations
 16863 | D:13     | Learned a level 2 spell: Blink
 16916 | D:13     | Reached skill level 5 in Fighting
 17605 | D:13     | Found a gate to the Vaults.
 17950 | D:13     | Reached skill level 5 in Translocations
 17959 | D:13     | Noticed an ice dragon
 17961 | D:13     | Reached skill level 10 in Spellcasting
 18600 | Lair:1   | Entered Level 1 of the Lair of Beasts
 19670 | Lair:1   | Gained mutation: Your large and strong wings let you fly.
                  | [Gargoyle growth]
 19670 | Lair:1   | Reached XP level 14. HP: 78/78 MP: 28/28
 20320 | Lair:2   | Noticed Urug
 20329 | Lair:2   | Killed Urug
 20683 | Lair:2   | Learned a level 5 spell: Fireball
 20946 | Lair:2   | Reached ***** piety under Vehumet
 20968 | Lair:2   | Reached skill level 1 in Fire Magic
 21074 | Lair:2   | Identified the +2 trident of the Heavens {drain, rC+ Dex+2}
 21525 | Lair:3   | Offered knowledge of Ozocubu's Refrigeration by Vehumet.
 21604 | Lair:3   | Learned a level 7 spell: Ozocubu's Refrigeration
 21657 | Lair:3   | Reached skill level 1 in Ice Magic
 21751 | Lair:3   | Reached skill level 2 in Ice Magic
 21855 | Lair:3   | Found a staircase to the Snake Pit.
 21880 | Lair:3   | Reached skill level 3 in Ice Magic
 22098 | Lair:3   | Reached skill level 4 in Ice Magic
 22146 | Lair:3   | Found a staircase to the Shoals.
 22396 | Lair:3   | Reached skill level 5 in Ice Magic
 22874 | Lair:4   | Found a staircase to the Slime Pits.
 22895 | Lair:4   | Found a dark tunnel.
 22932 | Volcano  | Entered a volcano
 23013 | Volcano  | Reached skill level 6 in Ice Magic
 23036 | Volcano  | Reached skill level 5 in Fire Magic
 23048 | Volcano  | Reached skill level 7 in Ice Magic
 23238 | Volcano  | Acquired the amulet of Liluotuni {Reflect Will+ SH+5
                  | Stlth+}
 23623 | Lair:4   | Reached skill level 8 in Ice Magic
 24338 | Lair:5   | Entered Level 5 of the Lair of Beasts
 24452 | Lair:5   | Reached XP level 15. HP: 78/84 MP: 29/29
 25229 | Lair:5   | Offered knowledge of Lee's Rapid Deconstruction by Vehumet.
 25513 | Lair:5   | Learned a level 5 spell: Lee's Rapid Deconstruction
 26810 | Lair:5   | Got Sif Muna's Opusculum on Trauma and the Bonfire
 27080 | Orc:1    | Entered Level 1 of the Orcish Mines
 27089 | Orc:1    | Noticed Fannar
 27153 | Orc:1    | Killed Fannar
 27390 | Orc:2    | Entered Level 2 of the Orcish Mines
 27390 | Orc:2    | Found a staircase to the Elven Halls.
 28048 | Orc:2    | Offered knowledge of Iron Shot by Vehumet.
 28330 | Orc:2    | Reached skill level 9 in Ice Magic
 28506 | Orc:2    | Found Icibb's Antique Armour Shoppe.
 29639 | Orc:2    | Found Usyfuoz's Antique Armour Shop.
 29639 | Orc:2    | Found Otusiamo's Book Shop.
 29640 | Orc:2    | Found Apsaok's General Store.
 29644 | Orc:2    | Found Suwni's Weapon Boutique.
 29648 | Orc:2    | Bought an Everburning Encyclopedia for 504 gold pieces
 30113 | D:12     | Reached skill level 10 in Ice Magic
 30389 | D:12     | Reached XP level 16. HP: 92/92 MP: 30/31
 30569 | D:12     | Killed Rupert
 30569 | D:12     | Offered knowledge of Freezing Cloud by Vehumet.
 30944 | D:12     | Reached skill level 11 in Ice Magic
 30952 | D:12     | Learned a level 5 spell: Freezing Cloud
 31236 | D:12     | Noticed a sphinx
 31256 | D:12     | Killed a sphinx
 32120 | D:13     | HP: 1/92 [white ugly thing (32)]
 32570 | D:15     | Entered Level 15 of the Dungeon
 32852 | D:15     | Reached skill level 12 in Ice Magic
 33872 | D:15     | Noticed Nessos
 33877 | D:15     | Killed Nessos
 35155 | D:15     | Reached skill level 13 in Ice Magic
 35162 | D:15     | Found a staircase to the Depths.
 35742 | Snake:1  | Entered Level 1 of the Snake Pit
 35769 | Snake:1  | Noticed Aizul
 35897 | Snake:1  | Noticed Mlioglotl
 36343 | Snake:1  | Reached skill level 5 in Air Magic
 36346 | Snake:1  | Offered knowledge of Starburst by Vehumet.
 36689 | Snake:1  | Killed Aizul
 37017 | Snake:1  | Reached XP level 17. HP: 75/100 MP: 30/34
 37192 | Snake:1  | Killed Mlioglotl
 37198 | Snake:1  | Found Ippoupp's Tiny Tomes.
 37212 | Snake:1  | Bought Asapp's Tractate on the Nimbus for 136 gold pieces
 37216 | Snake:1  | Learned a level 3 spell: Swiftness
 37657 | Snake:1  | Found Bizotaro's Antique Weapon Emporium.
 38373 | Snake:2  | Found Itheriz's Tremendous Tomes.
 38387 | Snake:2  | Identified the +6 long sword of the Exiled Coins {flame,
                  | Str+3}
 38397 | Snake:2  | Reached skill level 14 in Ice Magic
 38741 | Snake:2  | Learned a level 6 spell: Starburst
 39184 | Snake:3  | Found a frozen archway.
 39261 | IceCv    | Entered an ice cave
 39300 | IceCv    | HP: 5/101 [frost giant/bolt of cold (29)]
 39301 | IceCv    | Killed from afar by a frost giant

Illustrated notes

Levels and vault maps discovered:
D:1:      dpeg_arrival_tiny_d, layout_basic, nicolae_eternal_life, minivault_24,
          nicolae_concentric_dashed_squares_wild, minmay_tromino_mix6
D:2:      layout_basic
D:3:      minmay_spotlight, layout_rooms, minmay_misc_feat_roman, uniq_jessica,
          uniq_terence, uniq_grinder
D:4:      layout_layer_cave, lemuel_coloured_pillars_altar,
          chequers_temple_overflow_minitemple, nicolae_elevator_lobby_plus
D:5:      layout_gridville
D:6:      cheibrodos_quashed, layout_rooms, makhleb_blood_cavern_becter,
          trog_butcher_becter, serial_shops, shop
D:7:      layout_basic, minmay_temple_entry_enclosed_plants, nzn_random_ring,
          uniq_crazy_yiuf_cottage, uniq_menkaure, uniq_duvessa
D:8:      layout_loops_cross, nicolae_ru_awakened_eye, grunt_gozag_breadcrumbs,
          special_room [special_room_kobold], uniq_pikel, uniq_maurice,
          uniq_grum, uniq_psyche
D:9:      minmay_ornate_pinched, layout_loops_cross, dpeg_oklobed_lair,
          serial_shops, shop, nicolae_shop_drivethru
D:10:     layout_cave_pods, orc_0_dummy
D:11:     layout_roguey, serial_shops, shop, lightli_corner_chamber,
          uniq_josephine, uniq_sonja, uniq_snorg
D:12:     nzn_winding_woodlands_small [nzn_winding_woodlands_5x15_zeroes,
          nzn_winding_woodlands_center_triple_pond,
          nzn_winding_woodlands_5x15_sawtooth], layout_irregular_city,
          nicolae_sif_muna_little_library, uniq_rupert
D:13:     wad_guarded_room, layout_irregular_city
D:14:     layout_long_grid, chequers_garden
D:15:     grunt_enter_depths_snipers, layout_loops_corners, uniq_nessos
Temple:   nicolae_temple_god_jail
Lair:1:   layout_cave_pods, wad_woods_03, grunt_megastairs_1
Lair:2:   layout_gridlike, minivault_23, uniq_urug
Lair:3:   layout_loops_ring, minmay_shoals_entry_hut,
          guppyfry_snake_entry_island, amcnicky_mini_pool_medium
Lair:4:   layout_small_grid, slime_entry_1, nicolae_volcano_entry_batcave,
          serial_bayou_pond_b, serial_bayou_shore_b
Lair:5:   hangedman_lair_in_review, layout_cave_pods
Snake:1:  layout_layer_cave, nicolae_shop_i_like_small_books_too,
          grunt_megastairs_5, minmay_shop_star, uniq_mlioglotl, uniq_aizul
Snake:2:  layout_rooms, nicolae_shop_i_like_big_books
Snake:3:  layout_chambers, portal_ice_cave_entry_dragon, drop_trap,
          minmay_shop_grove
Orc:1:    layout_caves, uniq_fannar
Orc:2:    st_orc_mages, layout_caves, serial_shops, shop
IceCv:    ice_cave_small_giant

Skill      XL: |  1  2  3  4  5  6  7  8  9 10 11 12 13 14 15 16 17 |
---------------+----------------------------------------------------+-----
Fighting       | 1 2 4 5 7 9 |  9.8
Earth Magic    | 4 5 6 7 8 10 11 12 13 | 13.6
Conjurations   | 1 2 3 4 5 6 7 8 10 11 | 11.8
Maces & Flails | 1 2 4 5 6 |  6.3
Spellcasting   | 3 4 5 6 7 8 9 10 11 13 | 13.6
Armour         | 2 5 6 8 |  8.1
Evocations     | 3 5 |  5.9
Transmutations | 2 |  2.8
Poison Magic   | 2 |  2.7
Air Magic      | 2 5 |  5.4
Shields        | 6 7 8 |  8.5
Translocations | 6 |  6.0
Fire Magic     | 6 |  6.6
Ice Magic      | 8 10 13 14 | 14.2
Dodging        | 2 3 |  3.7
Stealth        | |  2.1

Action                     |  1- 3 |  4- 6 |  7- 9 | 10-12 | 13-15 | 16-18 || total
---------------------------+-------+-------+-------+-------+-------+-------++-------
  Melee: Mace              |    11 |     4 |       |   335 |   795 |   342 ||  1487
         Staff             |       |       |    21 |       |       |       ||    21
         Whip              |       |       |    86 |    44 |       |       ||   130
         Punch             |       |       |     2 |     6 |       |       ||     8
   Cast: Sandblast         |    58 |    51 |    14 |    18 |     3 |       ||   144
         Stone Arrow       |     1 |     6 |    50 |   166 |   213 |    94 ||   530
         Mephitic Cloud    |       |       |       |    19 |    69 |    26 ||   114
         Passwall          |       |       |       |     1 |     2 |     1 ||     4
         Iskenderun's Myst |       |       |       |       |    63 |    34 ||    97
         Fireball          |       |       |       |       |    48 |    69 ||   117
         Freezing Cloud    |       |       |       |       |       |    32 ||    32
         Blink             |       |       |       |       |       |     6 ||     6
         Ozocubu's Refrige |       |       |       |       |       |     4 ||     4
  Evoke: Wand              |       |       |       |    18 |    21 |    13 ||    52
         Phantom mirror    |       |       |       |       |       |     2 ||     2
    Use: Scroll            |     5 |     4 |     9 |    10 |    12 |    14 ||    54
         Potion            |     1 |     3 |     1 |     3 |     7 |     4 ||    19
   Stab: Confused          |       |       |       |     6 |    13 |     2 ||    21
         Sleeping          |       |       |       |     1 |     3 |     1 ||     5
         Distracted        |       |       |       |       |     3 |     1 ||     4
 Armour: Robe              |    13 |    24 |    16 |       |       |       ||    53
         Skin              |       |     1 |       |       |       |       ||     1
         Ring mail         |       |       |    36 |   280 |   482 |   260 ||  1058
  Dodge: Dodged            |    27 |    46 |    71 |   209 |   295 |   138 ||   786
  Block: Kite shield       |       |       |       |     8 |   676 |   433 ||  1117
         Reflection        |       |       |       |       |    23 |    55 ||    78
